 Dungeon Crawl Stone Soup version 0.19.0-2-gae57169 (webtiles) character file.

7639 Monkfish the Unseen (level 11, -2/68 HPs)
             Began as a Kobold Berserker on Nov 3, 2016.
             Was a High Priest of Trog.
             Slain by a komodo dragon (18 damage)
             ... on level 10 of the Dungeon on Nov 4, 2016.
             The game lasted 00:19:56 (8299 turns).

Monkfish the Unseen (Kobold Berserker)              Turns: 8299, Time: 00:19:57

Health: -2/68      AC:  6    Str: 17    XL:     11   Next: 41%
Magic:  11/11      EV: 23    Int: 10    God:    Trog [*****.]
Gold:   795        SH:  2    Dex: 23    Spells: 0 memorised, 10 levels left

rFire  + . .     SeeInvis .     o - +1 dagger (venom)
rCold  . . .     Gourm    .     r - +2 robe {Archmagi}
rNeg   . . .     Faith    .     (shield restricted)
rPois  +         Spirit   .     (no helmet)
rElec  .         Reflect  +     h - +0 cloak
rCorr  .         Harm     .     (no gloves)
MR     .....                    e - +0 pair of boots
Stlth  +++++++...               t - +2 amulet of reflection
                                z - ring of poison resistance
                                x - ring "Maaweuh" {rF+ Dex+7}

@: exhausted, slowed, very slow
A: repulsion field 1, carnivore 3, clever 1, MP-powered wands
a: Berserk, Trog's Hand, Brothers in Arms, Burn Spellbooks, Renounce Religion


You were on level 10 of the Dungeon.
You worshipped Trog.
Trog was extremely pleased with you.
You were not hungry.

You visited 1 branch of the dungeon, and saw 10 of its levels.
You also visited: Ossuary.

You collected 795 gold pieces.

Inventory:

Hand Weapons
 o - a +1 dagger of venom (weapon)
 p - a +2 short sword of protection
 D - a +5 short sword
Armour
 e - a +0 pair of boots (worn)
 h - a +0 cloak (worn)
 r - a +2 robe of the Archmagi (worn)
Jewellery
 k - an uncursed ring of protection from fire
 t - a +2 amulet of reflection (around neck)
 x - the ring "Maaweuh" (left hand) {rF+ Dex+7}
   (You found it on level 8 of the Dungeon)

   [ring of protection from fire]

   It affects your dexterity (+7).
   It protects you from fire.
 y - a +2 ring of evasion
 z - a ring of poison resistance (right hand)
Wands
 j - a wand of digging (15/24)
 w - a wand of flame (29/48)
Scrolls
 g - 2 scrolls of fear
 l - 2 scrolls of remove curse
 n - 5 scrolls of teleportation
 s - a scroll of recharging
 u - a scroll of magic mapping
Potions
 b - 6 potions of curing
 d - a potion of invisibility
 f - 2 potions of heal wounds
 i - a potion of resistance
 m - 3 potions of haste
 q - a potion of flight
 v - a potion of agility
Comestibles
 a - a beef jerky
 c - a meat ration


   Skills:
 + Level 7.7 Fighting
 + Level 11.2 Short Blades
 - Level 1.5 Armour
 + Level 7.3 Dodging
 * Level 16.0 Stealth


You had 10 spell levels left.
You didn't know any spells.

Dungeon Overview and Level Annotations

Branches:
Dungeon (10/15)            Temple (0/1) D:5
   Lair: D:8-11         Orc: D:9-12

Altars:
Ashenzari
Dithmenos
Fedhas
Hepliaklqana
Kikubaaqudgha
Makhleb
Yredelemnul


Innate Abilities, Weirdness & Mutations

You are small and have problems with some larger weapons.
You are carnivorous and can eat meat at any time.
You are surrounded by a mild repulsion field. (EV +2)
Your mind is acute. (Int +2)
You expend magic power (3 MP) to strengthen your wands.


Message History

The komodo dragon is moderately wounded.
You hit the komodo dragon.
The komodo dragon looks as sick as possible!
The komodo dragon is heavily wounded.
The komodo dragon bites you!!
* * * LOW HITPOINT WARNING * * *
You puncture the komodo dragon!
The komodo dragon is severely wounded.
You barely miss the komodo dragon.
The komodo dragon is severely wounded.
You are no longer berserk.
You are exhausted.
You feel yourself slow down. The komodo dragon misses you.
You feel the effects of Trog's Hand fading.
The komodo dragon closely misses you.
Your skin stops crawling.
You feel less resistant to hostile enchantments.
The komodo dragon bites you!!
You die...

#.).#####
###.....#####
#..........#
#..........#
#..........#
#..........#
#..........# ####
#.l........#####...
#.@........##.†..##
#.............####
#./........####
#..........#
############


You could see a komodo dragon.

Vanquished Creatures
  Erica (D:10)
  Pikel (D:5)
  Joseph (D:7)
  A gargoyle (D:7)
  Grinder (D:6)
  2 two-headed ogres
  Sigmund (D:6)
  3 yaks (D:10)
  Eustachio (D:6)
  Grum (D:8)
  The ghost of poirepourri the Ruffian, an amateur DrTm of Okawaru (Ossuary)
  A hungry ghost (D:7)
  Menkaure (D:7)
  Duvessa (D:5)
  3 orc warriors
  5 ogres
  A black bear (D:6)
  2 ice beasts
  An eye of draining (D:8)
  2 wolves (D:8)
  3 centaurs
  2 big kobolds
  6 bullfrogs
  Dowan (D:5)
  A wyvern zombie (D:6)
  5 scorpions
  6 killer bees (D:10)
  5 howler monkeys
  7 crimson imps
  A centaur zombie (D:9)
  A quasit (D:9)
  A centaur skeleton (D:7)
  A gnoll shaman (D:7)
  2 hounds
  A bullfrog skeleton (D:5)
  Ijyb (D:2)
  An iguana (D:5)
  8 worker ants
  4 orc wizards
  A hound skeleton (D:6)
  8 mummies (Ossuary)
  10 gnolls
  8 adders
  2 shadow imps (D:6)
  An ooze (D:5)
  3 adder skeletons
  3 worms
  A dart slug (D:1)
  4 leopard geckos
  15 orcs
  6 bats
  7 giant cockroaches
  9 goblins
  9 hobgoblins (D:1)
  13 jackals
  6 quokkas
  5 ball pythons
  5 frilled lizards
  A goblin zombie (D:4)
  5 hobgoblin zombies (Ossuary)
  11 kobolds
  2 kobold zombies
  2 orc zombies (Ossuary)
  21 rats
246 creatures vanquished.

Vanquished Creatures (others)
  A slave (D:5)
  A sky beast (D:5)
  A jelly (D:5)
3 creatures vanquished.

Grand Total: 249 creatures vanquished

Notes
Turn   | Place    | Note
-------+----------+-------------------------------------------
     0 | D:1      | Monkfish the Kobold Berserker began the quest for the Orb.
     0 | D:1      | Reached XP level 1. HP: 14/14 MP: 1/1
    43 | D:1      | Reached XP level 2. HP: 16/19 MP: 2/2
   108 | D:1      | Reached skill level 1 in Stealth
   377 | D:1      | Reached XP level 3. HP: 11/24 MP: 3/3
   407 | D:1      | Reached ** piety under Trog
  1043 | D:2      | Reached XP level 4. HP: 29/29 MP: 4/4
  1185 | D:2      | Noticed Ijyb
  1197 | D:2      | Killed Ijyb
  1197 | D:2      | Reached skill level 5 in Short Blades
  1197 | D:2      | Reached skill level 2 in Stealth
  1391 | D:2      | Reached *** piety under Trog
  1391 | D:2      | Reached skill level 3 in Stealth
  1391 | D:2      | Reached XP level 5. HP: 33/33 MP: 5/5
  1795 | D:3      | Reached skill level 4 in Stealth
  1962 | D:3      | Reached XP level 6. HP: 38/38 MP: 6/6
  1969 | D:3      | Reached skill level 5 in Stealth
  2736 | D:4      | Found a sand-covered staircase.
  2756 | Ossuary  | Entered an ossuary
  2756 | Ossuary  | Noticed poirepourri's ghost (amateur DrTm)
  2772 | Ossuary  | Killed poirepourri's ghost
  2772 | Ossuary  | Reached skill level 6 in Stealth
  2772 | Ossuary  | Reached XP level 7. HP: 44/44 MP: 7/7
  3008 | Ossuary  | Reached skill level 7 in Stealth
  3079 | Ossuary  | Gained mutation: You are surrounded by a mild repulsion field. (EV +2) [potion of mutation]
  3079 | Ossuary  | Gained mutation: Your mind is acute. (Int +2) [potion of mutation]
  3079 | Ossuary  | Gained mutation: You expend magic power (3 MP) to strengthen your wands. [potion of mutation]
  3322 | D:4      | Reached XP level 8. HP: 48/48 MP: 8/8
  3716 | D:4      | Reached skill level 8 in Stealth
  3768 | D:5      | Entered Level 5 of the Dungeon
  4073 | D:5      | Found a staircase to the Ecumenical Temple.
  4084 | D:5      | Noticed Duvessa
  4085 | D:5      | Noticed Dowan
  4090 | D:5      | Killed Duvessa
  4090 | D:5      | Reached skill level 5 in Fighting
  4105 | D:5      | Noticed Pikel
  4107 | D:5      | Killed Dowan
  4146 | D:5      | Killed Pikel
  4146 | D:5      | Reached skill level 10 in Stealth
  4146 | D:5      | Reached XP level 9. HP: 45/54 MP: 9/9
  4430 | D:5      | You fall through a shaft for 3 floors!
  4443 | D:7      | Noticed a gargoyle
  4542 | D:7      | Noticed Menkaure
  4615 | D:6      | Reached skill level 11 in Stealth
  4776 | D:6      | Noticed Grinder
  4794 | D:6      | Paralysed by Grinder for 7 turns
  4967 | D:6      | Paralysed by Grinder for 2 turns
  4979 | D:6      | Paralysed by Grinder for 2 turns
  4989 | D:6      | Killed Grinder
  4989 | D:6      | Reached skill level 5 in Dodging
  5049 | D:6      | Noticed Sigmund
  5072 | D:6      | Killed Sigmund
  5209 | D:6      | Reached skill level 12 in Stealth
  5288 | D:6      | Noticed Eustachio
  5308 | D:6      | Killed Eustachio
  5520 | D:6      | Reached **** piety under Trog
  5659 | D:6      | Reached XP level 10. HP: 60/60 MP: 10/10
  5728 | D:6      | Found a hazy altar of Hepliaklqana.
  6035 | D:7      | Reached skill level 13 in Stealth
  6182 | D:7      | Killed a gargoyle
  6182 | D:7      | Reached skill level 10 in Short Blades
  6210 | D:7      | Found a blossoming altar of Fedhas.
  6211 | D:7      | Noticed Joseph
  6240 | D:7      | Killed Menkaure
  6507 | D:7      | Killed Joseph
  6507 | D:7      | Reached skill level 14 in Stealth
  6709 | D:8      | Noticed Grum
  6748 | D:8      | Killed Grum
  6844 | D:8      | Found a burning altar of Makhleb.
  6907 | D:8      | Got a pitted tin ring
  7081 | D:8      | Identified the ring "Maaweuh" {rF+ Dex+7} (You found it on level 8 of the Dungeon)
  7122 | D:9      | Found an ancient bone altar of Kikubaaqudgha.
  7293 | D:9      | Reached ***** piety under Trog
  7320 | D:9      | Reached skill level 15 in Stealth
  7393 | D:9      | Found a basalt altar of Yredelemnul.
  7395 | D:9      | Found a shattered altar of Ashenzari.
  7396 | D:9      | Found a shadowy altar of Dithmenos.
  7398 | D:9      | Reached XP level 11. HP: 67/67 MP: 11/11
  7931 | D:9      | Received a gift from Trog
  8063 | D:10     | Entered Level 10 of the Dungeon
  8257 | D:10     | Noticed Erica
  8281 | D:10     | Killed Erica
  8281 | D:10     | Reached skill level 16 in Stealth
  8299 | D:10     | Slain by a komodo dragon

Skill      XL: |  1  2  3  4  5  6  7  8  9 10 11 |
---------------+----------------------------------+-----
Stealth        | 1 3 4 6 7 10 12 15 16 | 16.0
Fighting       | 4 5 6 7 |  7.7
Short Blades   | 5 6 7 8 9 10 11 | 11.2
Dodging        | 3 4 5 6 7 |  7.3
Armour         | |  1.5

Action                   |  1- 3 |  4- 6 |  7- 9 | 10-12 || total
-------------------------+-------+-------+-------+-------++-------
Melee: Short sword       |   138 |    88 |       |       ||   226
       Dagger            |       |    16 |   365 |   538 ||   919
Invok: Berserk           |     2 |     4 |     6 |     9 ||    21
       Trog's Hand       |     1 |     2 |     8 |     6 ||    17
  Use: Potion            |     5 |     2 |     4 |     1 ||    12
       Scroll            |     2 |     7 |     2 |     3 ||    14
 Stab: Sleeping          |     2 |    13 |    19 |    12 ||    46
       Invisible         |       |     2 |       |       ||     2
       Distracted        |       |       |       |     4 ||     4
  Eat: Chunk             |     7 |     4 |    14 |    17 ||    42
       Meat ration       |       |     1 |     1 |       ||     2
Armor: Animal skin       |    22 |       |       |       ||    22
       Leather armour    |       |    12 |    14 |       ||    26
       Robe              |       |       |    11 |    31 ||    42
Dodge: Dodged            |   106 |    51 |   176 |   259 ||   592
Block: Other             |       |       |     1 |    14 ||    15
